 Dungeon Crawl Stone Soup version 0.28.0-62-gf88900778d (webtiles) character file.

Game seed: 14187098724345514751

106 mopl the Skirmisher (level 4, -1/41 HPs)
             Began as a Hill Orc Fighter on Dec 29, 2023.
             Slain by an orc
             ... wielding a +2 flail of protection
              (7 damage)
             ... on level 5 of the Dungeon.
             The game lasted 00:01:35 (1714 turns).

mopl the Skirmisher (Hill Orc Fighter)              Turns: 1714, Time: 00:01:36

Health: -1/41      AC:  9    Str: 18    XL:     4   Next: 84%
Magic:  4/4        EV:  7    Int:  8    God:
Gold:   163        SH:  4    Dex: 12    Spells: 3/3 levels left

rFire   . . .      SeeInvis +   a - +0 war axe
rCold   . . .      Faith    .   c - +0 buckler
rNeg    . . .      Spirit   .   j - +0 chain mail
rPois   .          Reflect  .   (no helmet)
rElec   .          Harm     .   (no cloak)
rCorr   .          Rampage  .   (no gloves)
Will    .....                   (no boots)
Stlth   ..........              (no amulet)
HPRegen 0.13/turn               h - ring of see invisible
MPRegen 0.09/turn               (no ring)

@: no status effects
A: no striking features
a: no special abilities


You were on level 5 of the Dungeon.
You visited 1 branch of the dungeon, and saw 4 of its levels.

You collected 163 gold pieces.

Inventory:

Hand Weapons
 a - a +0 war axe (weapon)
Armour
 c - a +0 buckler (worn)
 j - a +0 chain mail (worn)
Jewellery
 h - a ring of see invisible (left hand)
Scrolls
 b - a scroll of fear {unknown}
 e - a scroll of fog {unknown}
 l - a scroll of brand weapon {unknown}
 n - a scroll of silence {unknown}
 o - a scroll of amnesia {unknown}
 p - a scroll of identify {unknown}
Potions
 d - a potion of might
 f - a potion of cancellation {unknown}
 g - 3 potions of curing {unknown}
 i - a potion of heal wounds {unknown}
 k - 3 potions of attraction {unknown}
 m - a potion of haste {unknown}


   Skills:
 + Level 4.4 Fighting
 + Level 3.9 Axes
 + Level 4.1 Armour
 + Level 1.5 Dodging
 - Level 3.2 Shields


You had 3 spell levels left.
You didn't know any spells.
Your spell library was empty.

Dungeon Overview and Level Annotations

Branches:
Dungeon (3/15)

Altars:


Message History

a +0 dagger; a +0 leather armour; an orc corpse You are too injured to fight recklessly!
You are too injured to fight recklessly!
You are too injured to fight recklessly!
You are too injured to fight recklessly!
You are too injured to fight recklessly!
You are too injured to fight recklessly!
You are too injured to fight recklessly!
You are too injured to fight recklessly!
You are too injured to fight recklessly!
You are too injured to fight recklessly!
You are too injured to fight recklessly!
You are too injured to fight recklessly!
You are too injured to fight recklessly!
You are too injured to fight recklessly!
You are too injured to fight recklessly!
You are too injured to fight recklessly!
You are too injured to fight recklessly!
You hit the orc but do no damage.
You feel sick. The orc hits you but does no damage.
You barely miss the orc.
You feel sick. The orc hits you with a +0 hand axe. The orc barely misses you.
You closely miss the orc.
You feel sick. You block the orc's attack.
You hit the orc.
The orc is lightly wounded.
You feel sick.
You are no longer poisoned.
An orc comes into view.
It is wielding a +2 flail of protection.
The orc hits you with a +0 hand axe.
* * * LOW HITPOINT WARNING * * *
You slash the orc!
You kill the orc!
You hit the orc but do no damage.
The orc hits you with a +2 flail of protection!
* * * LOW HITPOINT WARNING * * *
You closely miss the orc. The orc hits you but does no damage.
You block the orc's attack.
You closely miss the orc.
The orc hits you with a +2 flail of protection!
You die...

#..# #.# .... #.###
#..... #.#.##
#...#.########....####
.......))............+
.........#.........###
.#.##.##o#.###.#.#.#
#. #o#.# #.....# #
#@#!# #####.# #.#.# .#
#.#.# # ..#.. #####


You could see 2 orcs.

Vanquished Creatures
  A gnoll (D:1)
  3 adders
  A worm (D:2)
  5 dart slugs
  7 orcs
  2 endoplasms (D:2)
  3 goblins (D:2)
  5 hobgoblins
  2 jackals (D:1)
  3 kobolds (D:2)
  A quokka (D:1)
  3 ball pythons
  7 bats
  5 frilled lizards
  2 rats (D:2)
50 creatures vanquished.

Notes
Turn   | Place    | Note
-------+----------+-------------------------------------------
     0 | D:1      | mopl the Hill Orc Fighter began the quest for the Orb.
     0 | D:1      | Reached XP level 1. HP: 19/19 MP: 1/1
    85 | D:1      | Reached XP level 2. HP: 27/27 MP: 2/2
   142 | D:1      | Reached skill level 3 in Axes
   421 | D:1      | Reached skill level 4 in Fighting
   421 | D:1      | Reached XP level 3. HP: 18/33 MP: 3/3
   820 | D:2      | Reached skill level 1 in Dodging
   920 | D:2      | Found a faded altar of an unknown god.
  1078 | D:2      | Reached XP level 4. HP: 34/40 MP: 4/4
  1120 | D:2      | Reached skill level 4 in Armour
  1679 | D:3      | You fall into a shaft and drop 2 floors!
  1679 | D:5      | Entered Level 5 of the Dungeon
  1714 | D:5      | Slain by an orc

Illustrated notes

Levels and vault maps discovered:
D:1:      lemuel_arrival_room, layout_basic, serial_curves, eino_curves_03,
          eino_curves_03, minivault_27
D:2:      wad_river_or_something, layout_loops_ring, basic_ecumenical_altar
D:3:      layout_basic, lemuel_coloured_pillars_altar,
          beargit_hepliaklqana_dungeon_heroes, serial_shops, shop,
          uniq_crazy_yiuf_cottage
D:5:      layout_loops_corners, uniq_edmund, uniq_blork_the_orc,
          uniq_prince_ribbit1

Skill      XL: |  1  2  3  4 |
---------------+-------------+-----
Axes           | 3 |  3.9
Fighting       | 4 |  4.4
Dodging        | 1 |  1.5
Armour         | 4 |  4.1
Shields        | |  3.2

Action                   |  1- 3 |  4- 6 || total
-------------------------+-------+-------++-------
Melee: War axe           |    90 |    51 ||   141
Armor: Scale mail        |    26 |       ||    26
       Chain mail        |    14 |    27 ||    41
Dodge: Dodged            |    48 |    13 ||    61
Block: Buckler           |    29 |     9 ||    38
